 Dungeon Crawl Stone Soup version 0.21.1-1-g345015fe64 (webtiles) character file.

2641 Ivernyr the Blocker (level 9, -5/71 HPs)
             Began as a Human Fighter on Apr 5, 2018.
             Was a Follower of Nemelex Xobeh.
             Slain by an ogre
             ... wielding a +0 giant club
              (9 damage)
             ... on level 7 of the Dungeon.
             The game lasted 00:52:59 (7687 turns).

Ivernyr the Blocker (Human Fighter)                 Turns: 7687, Time: 00:53:00

Health: -5/71      AC: 10    Str: 16    XL:     9   Next: 92%
Magic:  12/12      EV:  8    Int:  9    God:    Nemelex Xobeh [*.....]
Gold:   366        SH: 11    Dex: 16    Spells: 8/8 levels left

rFire    + . .     SeeInvis .   a - +0 spear (flame)
rCold    . . .     Gourm    .   c - +0 shield
rNeg     . . .     Faith    .   b - +0 scale mail
rPois    +         Spirit   .   k - +0 helmet
rElec    .         Reflect  .   (no cloak)
rCorr    .         Harm     .   (no gloves)
MR       .....                  p - +0 pair of boots
Stlth    ..........             (no amulet)
HPRegen  0.21/turn              u - ring of poison resistance
MPRegen  0.13/turn              q - ring of protection from fire

@: no status effects
A: no striking features
a: Renounce Religion


You were on level 7 of the Dungeon.
You worshipped Nemelex Xobeh.
Nemelex Xobeh was aware of your devotion.
You were hungry.

You visited 1 branch of the dungeon, and saw 7 of its levels.

You collected 366 gold pieces.

Inventory:

Hand Weapons
 a - a +0 spear of flaming (weapon)
Missiles
 z - 2 tomahawks (quivered)
Armour
 b - a +0 scale mail (worn)
 c - a +0 shield (worn)
 k - a +0 helmet (worn)
 p - a +0 pair of boots (worn)
Jewellery
 o - an uncursed ring of see invisible
 q - a ring of protection from fire (right hand)
 u - a ring of poison resistance (left hand)
 B - an uncursed ring of flight
Wands
 y - a wand of iceblast (10)
 C - a wand of flame (29)
Scrolls
 g - a scroll of blinking {unknown}
 i - 6 scrolls of identify {unknown}
 j - 3 scrolls of enchant weapon {unknown}
 m - 2 scrolls of remove curse {unknown}
 r - a scroll of amnesia {unknown}
 v - 2 scrolls of fog {unknown}
 w - 3 scrolls of teleportation {unknown}
 x - a scroll of random uselessness {unknown}
 A - a scroll of magic mapping {unknown}
 D - a scroll of enchant armour {unknown}
 F - a scroll of noise {unknown}
Potions
 d - a potion of might
 e - 2 potions of curing {unknown}
 h - a potion of haste {unknown}
 l - a potion of flight {unknown}
 n - 2 potions of mutation {unknown}
 s - a potion of agility
 t - a potion of lignification {unknown}
 G - a potion of magic {unknown}
 H - a potion of brilliance {unknown}
 I - a potion of berserk rage {unknown}
Miscellaneous
 E - a plain deck of destruction {drawn: 2}
Comestibles
 f - 8 rations


   Skills:
 + Level 6.5 Fighting
 - Level 2.0 Polearms
 + Level 6.5 Armour
 * Level 8.8 Shields
 + Level 4.2 Invocations
 - Level 3.0 Evocations


You had 8 spell levels left.
You didn't know any spells.

Dungeon Overview and Level Annotations

Branches:
Dungeon (7/15)
 Temple: D:4-7

Altars:
Fedhas
Nemelex Xobeh

Shops:
D:5 [

Annotations:
D:3 Fuxmar's ghost, amateur HuWz
D:6 groda1's ghost, novice DrFE


Message History

You block the giant cockroach's attack.
You block the worker ant zombie's attack.
The ogre hits you with a giant club!!
* * * LOW HITPOINT WARNING * * *
You hit the ogre. You burn the ogre.
The ogre is almost dead.
You block the giant cockroach's attack.
You block the worker ant zombie's attack.
The ogre hits you with a giant club!
* * * LOW HITPOINT WARNING * * *
You hit the ogre but do no damage.
The ogre is almost dead.
The giant cockroach bites you.
* * * LOW HITPOINT WARNING * * *
You block the worker ant zombie's attack.
You hit the ogre but do no damage.
The ogre is almost dead.
You block the giant cockroach's attack. The ogre hits you with a giant club!
You die...
Your body disappears without a glow.

#....# #....#
####....##
#........#
#........#
#........#
#........# #
#......)Z#.##
#).....@s...#
#.......O##..#
#....(...#
..c.
####........#
...
#.......(..###
..
#..........# .
#...)......#
#..........#
#..........#


You could see an ogre, a worker ant zombie and a giant cockroach.

Vanquished Creatures
  Grinder (D:5)
  Eustachio (D:4)
  2 orc warriors (D:6)
  A necrophage (D:5)
  5 ice beasts
  4 centaurs
  An ogre (D:5)
  2 bullfrogs (D:6)
  A water moccasin skeleton (D:6)
  A scorpion (D:4)
  5 crimson imps
  A centaur zombie (D:6)
  3 orc priests
  3 hounds
  A bullfrog skeleton (D:6)
  A centaur skeleton (D:4)
  7 orc wizards
  2 iguanas (D:6)
  2 worker ants
  A hound skeleton (D:5)
  4 gnolls (D:2)
  9 adders
  An ooze (D:4)
  An adder skeleton (D:6)
  A dart slug (D:2)
  3 leopard geckos
  13 orcs
  A ball python (D:5)
  4 giant cockroaches
  3 goblins (D:2)
  3 hobgoblins
  12 jackals
  4 quokkas
  4 bats
  4 frilled lizards
  6 kobolds
  7 rats
125 creatures vanquished.

Notes
Turn   | Place    | Note
-------+----------+-------------------------------------------
     0 | D:1      | Ivernyr the Human Fighter began the quest for the Orb.
     0 | D:1      | Reached XP level 1. HP: 18/18 MP: 1/1
   170 | D:1      | Reached XP level 2. HP: 24/24 MP: 2/2
   852 | D:2      | Reached XP level 3. HP: 26/29 MP: 3/3
  1013 | D:2      | Reached XP level 4. HP: 7/35 MP: 4/4
  1018 | D:2      | Reached skill level 4 in Shields
  1334 | D:2      | Found a faded altar of an unknown god.
  1559 | D:2      | Reached XP level 5. HP: 33/42 MP: 5/5
  2005 | D:3      | Found a blossoming altar of Fedhas.
  2166 | D:3      | Noticed Fuxmar's ghost (amateur HuWz)
  2808 | D:4      | Reached XP level 6. HP: 47/48 MP: 6/6
  2988 | D:4      | Found a sparkling altar of Nemelex Xobeh.
  2992 | D:4      | Became a worshipper of Nemelex Xobeh the Trickster
  3031 | D:4      | Reached skill level 5 in Shields
  3059 | D:4      | Received a gift from Nemelex Xobeh
  3088 | D:4      | Reached skill level 1 in Evocations
  3511 | D:4      | Noticed Eustachio
  3520 | D:4      | Killed Eustachio
  3520 | D:4      | Reached XP level 7. HP: 49/55 MP: 6/8
  3724 | D:5      | Entered Level 5 of the Dungeon
  3888 | D:5      | Reached skill level 6 in Shields
  4154 | D:5      | Reached XP level 8. HP: 60/61 MP: 9/9
  4256 | D:5      | Reached skill level 5 in Fighting
  4336 | D:5      | Reached * piety under Nemelex Xobeh
  4416 | D:5      | Reached skill level 5 in Armour
  4750 | D:5      | Noticed Grinder
  4766 | D:5      | Killed Grinder
  4766 | D:5      | Reached skill level 7 in Shields
  4766 | D:5      | Reached skill level 1 in Invocations
  4987 | D:5      | Found Mewuoq's Armour Shoppe.
  5047 | D:5      | Received a gift from Nemelex Xobeh
  5612 | D:6      | Reached XP level 9. HP: 68/68 MP: 11/11
  5976 | D:6      | Reached skill level 8 in Shields
  6633 | D:6      | Noticed groda1's ghost (novice DrFE)
  7687 | D:7      | Slain by an ogre

Skill      XL: |  1  2  3  4  5  6  7  8  9 |
---------------+----------------------------+-----
Shields        | 4 5 6 7 8 |  8.8
Fighting       | 4 5 6 |  6.5
Armour         | 4 5 6 |  6.5
Evocations     | 1 2 3 |  3.0
Invocations    | 2 4 |  4.2
Polearms       | |  2.0

Action                   |  1- 3 |  4- 6 |  7- 9 || total
-------------------------+-------+-------+-------++-------
Melee: Trident           |    76 |    17 |       ||    93
       Spear             |       |   177 |   993 ||  1170
Throw: Tomahawk          |       |       |    14 ||    14
Evoke: Wand              |       |     3 |     3 ||     6
       Deck              |       |     2 |     4 ||     6
  Eat: Chunk             |       |     8 |    12 ||    20
       Ration            |       |       |     1 ||     1
Armor: Scale mail        |    21 |    61 |   358 ||   440
Dodge: Dodged            |    16 |    37 |   198 ||   251
Block: Shield            |    31 |    76 |   444 ||   551
